 Dungeon Crawl Stone Soup version 0.30-a0-782-ge64f9170bb (webtiles) character file.

Game seed: 9800774409489779432

46037 vineage the Warrior (level 14, -6/98 HPs)
             Began as a Gargoyle Fighter on Feb 23, 2023.
             Was the Champion of Okawaru.
             Mangled by a six-headed hydra (12 damage)
             ... on level 4 of the Lair of Beasts.
             The game lasted 00:15:03 (15697 turns).

vineage the Warrior (Gargoyle Fighter)             Turns: 15697, Time: 00:15:03

Health: -6/98      AC: 32    Str: 41    XL:     14   Next: 35%
Magic:  20/20      EV:  8    Int:  8    God:    Okawaru [******]
Gold:   1430       SH:  6    Dex: 10    Spells: 13/13 levels left

rFire   . . .      SeeInvis +    z - +10 whip of Debt {spect, Dex+2}
rCold   . . .      Faith    .    c - +0 buckler
rNeg    + . .      Spirit   .    q - +0 plate armour
rPois   ∞          Reflect  .    (no helmet)
rElec   +          Harm     .    (no cloak)
rCorr   .          Rampage  .    u - +1 pair of gloves
Will    +....                    R - +2 pair of boots of the Hidden Eyes {rElec SInv} Stlth
                                 O - amulet of regeneration
HPRegen 1.16/turn                e - +6 ring of strength
MPRegen 0.17/turn                b - +6 ring of strength

@: marked, flying
A: sickness immunity, AC +10, big wings, negative energy resistance 1,
electricity resistance, torment resistance 1, petrification resistance, strong 1
a: Renounce Religion, Heroism, Finesse, Duel


You were on level 4 of the Lair of Beasts.
You worshipped Okawaru.
Okawaru was exalted by your worship.
You visited 3 branches of the dungeon, and saw 16 of its levels.
You also visited: Ossuary and Bailey.

You collected 1657 gold pieces.
You spent 227 gold pieces at shops.

Inventory:

Hand Weapons
 a - a +1 flail of venom
 z - the +10 whip of Debt (weapon) {spect, Dex+2}
   (You took it off an orc on level 8 of the Dungeon)

   Dex:       It affects your dexterity (+2).
Missiles
 L - a throwing net (quivered)
Armour
 c - a +0 buckler (worn)
 q - a +0 plate armour (worn)
 u - a +1 pair of gloves (worn)
 P - the +3 steam dragon scales of Impressiveness {rCorr}
   (Okawaru gifted it to you on level 2 of the Lair of Beasts)

   rCorr:     It protects you from acid and corrosion.
 R - the +2 pair of boots of the Hidden Eyes (worn) {rElec SInv}
   (Okawaru gifted it to you on level 3 of the Lair of Beasts)

   rElec:     It insulates you from electricity.
   SInv:      It lets you see invisible.
Jewellery
 b - a +6 ring of strength (right hand)
 e - a +6 ring of strength (left hand)
 g - an amulet of magic regeneration
 k - a ring of resist corrosion
 E - a ring of positive energy
 O - an amulet of regeneration (around neck)
Wands
 x - a wand of polymorph (18)
 D - a wand of acid (6)
 F - a wand of paralysis (18)
 J - a wand of roots (5)
 K - a wand of flame (5)
Scrolls
 j - a scroll of vulnerability
 n - 6 scrolls of teleportation
 s - 2 scrolls of fear
 v - 5 scrolls of enchant weapon
 w - 6 scrolls of amnesia
 y - a scroll of magic mapping
 H - 4 scrolls of enchant armour
 I - a scroll of silence
 M - a scroll of brand weapon
 Q - a scroll of identify
Potions
 d - 3 potions of might
 f - 2 potions of invisibility
 h - 10 potions of curing
 i - 4 potions of heal wounds
 l - 4 potions of flight
 m - 5 potions of lignification
 o - a potion of ambrosia
 p - 3 potions of resistance
 r - a potion of brilliance
 t - 3 potions of haste
 A - 7 potions of mutation
 B - 7 potions of cancellation
 C - 4 potions of magic
 G - 2 potions of attraction


   Skills:
 + Level 15.3 Fighting
 + Level 12.0 Maces & Flails
 + Level 13.3 Armour
 + Level 11.0 Shields
 + Level 8.4 Invocations


You had 13 spell levels left.
You didn't know any spells.
Your spell library contained the following spells:

 Spells                   Type           Power      Damage    Failure   Level
 Apportation              Tloc           0%         N/A       89%         1
 Foxfire                  Conj/Fire      0%         2x1d4     89%         1
 Kiss of Death            Conj/Necr      0%         2d5       89%         1
 Static Discharge         Conj/Air       0%         2-2/arc   96%         2
 Iskenderun's Mystic Bla  Conj/Tloc      0%         2d3       100%        4
 Alistair's Intoxication  Tmut/Pois      0%         N/A       100%        5
 Arcjolt                  Conj/Air       0%         1d10      100%        5
 Blade Hands              Tmut           0%         N/A       100%        5
 Fireball                 Conj/Fire      0%         3d3       100%        5
 Silence                  Hex/Air        0%         N/A       100%        5
 Iron Shot                Conj/Erth      0%         9d1       100%        6
 Starburst                Conj/Fire      0%         6d3       100%        6
 Orb of Destruction       Conj           0%         9d5       100%        7
 Borgnjor's Revivificati  Necr           0%         N/A       100%        8
 Necromutation            Tmut/Necr      0%         N/A       100%        8
 Summon Guardian Golem    Hex/Summ       Unusable   N/A       N/A         3
 Animate Armour           Summ/Erth      Unusable   N/A       N/A         4
 Animate Dead             Necr           Unusable   N/A       N/A         4
 Spellforged Servitor     Conj/Summ      Unusable   N/A       N/A         7

Dungeon Overview and Level Annotations

Branches:
Dungeon (10/15)            Temple (1/1) D:7            Lair (5/5) D:9
 Shoals (0/4) Lair:2       Spider (0/4) Lair:3        Slime (0/5) Lair:4
Ossuary (visited)          Bailey (visited)
    Orc: D:9-12

Altars:
Ashenzari
Cheibriados
Dithmenos
Elyvilon
Fedhas
Gozag
Hepliaklqana
Kikubaaqudgha
Makhleb
Nemelex Xobeh
Okawaru
Qazlal
Ru
Sif Muna
Trog
Uskayaw
Vehumet
Wu Jian
Xom
Yredelemnul
Zin
The Shining One

Shops:
D:9 *


Innate Abilities, Weirdness & Mutations

You are immune to sickness and miasma.
Your stone body is resilient. (AC +10)
You are immune to poison.
Your large and strong wings let you fly.
You resist negative energy. (rN+)
You are resistant to electric shocks. (rElec)
You are resistant to unholy torment.
You are immune to petrification.
Your muscles are strong. (Str +4, Int/Dex -1)


Message History

The six-headed hydra bites you.
* * * LOW HITPOINT WARNING * * *
The six-headed hydra closely misses you.
The six-headed hydra bites you but does no damage.
The six-headed hydra bites you.
* * * LOW HITPOINT WARNING * * *
The six-headed hydra bites you but does no damage.
You see here a cane toad corpse.
The six-headed hydra attacks as you move away!
The six-headed hydra barely misses you.
The six-headed hydra bites you but does no damage. x2
You block the six-headed hydra's attack.
The six-headed hydra barely misses you. x2
The seven-headed hydra attacks as you move away!
The seven-headed hydra bites you but does no damage. x7
There is an escape hatch in the ceiling here.
The seven-headed hydra bites you but does no damage.
The seven-headed hydra barely misses you.
The seven-headed hydra bites you but does no damage. x3
The seven-headed hydra barely misses you.
The seven-headed hydra bites you but does no damage.
The six-headed hydra closely misses you.
The six-headed hydra bites you.
* * * LOW HITPOINT WARNING * * *
The six-headed hydra bites you but does no damage.
The six-headed hydra bites you.
* * * LOW HITPOINT WARNING * * *
The six-headed hydra bites you but does no damage. x2
A mysterious force pulls you upwards. The hatch slams shut behind you.
Okay, then.
Okay, then.
You feel better.
The seven-headed hydra bites you but does no damage. x3
The seven-headed hydra bites you!
* * * LOW HITPOINT WARNING * * *
The seven-headed hydra bites you but does no damage.
You block the seven-headed hydra's attack. x2
The six-headed hydra bites you but does no damage. x2
The six-headed hydra bites you!
You die...

#..## ##.##....# #.# ##.##
####.......## #.#
##..#####..........## #####.#
#........†..PP......###.PP..#####
###........###..............#..#.
##....###### ##..................
#...### ##..................
....P# ##......##.........##
.....# #...@.######.....###
.....## ##.DD## ###...### ......#
##.....# ##....# .#...##
##.....## #....### #.....#
#......# ##....###
......######....## ####....#.#.
.......#.###...P######.#.........
................##.##............
.........................#.......


You could see a seven-headed hydra and a six-headed hydra.

Vanquished Creatures
  2 hydras (Lair:5)
  A boulder beetle (Lair:4)
  3 death yaks (Lair:2)
  2 two-headed ogres
  A goliath frog (Lair:5)
  A pharaoh ant (Lair:3)
  A skyshark (Lair:3)
  3 black mambas
  A torpor snail (Lair:5)
  27 cane toads
  5 rime drakes
  7 komodo dragons
  4 tyrant leeches (Lair:5)
  A polar bear (D:8)
  A tarantella (Lair:3)
  26 blink frogs
  A jumping spider (Lair:3)
  10 wyverns
  A shadow (D:10)
  64 yaks
  Eustachio (D:6)
  3 steam dragons
  2 redbacks (Lair:3)
  4 basilisks
  An unseen horror simulacrum (D:8)
  5 vampire mosquitoes (Lair:5)
  14 water moccasins
  2 sky beasts
  8 orc warriors
  6 ice beasts
  2 centaurs
  20 wolves
  An ogre (D:6)
  7 kobold brigands
  A gnoll sergeant (D:10)
  16 bullfrogs
  A necrophage (D:6)
  7 wights
  7 killer bees
  4 electric eels (D:8)
  4 hounds
  A jelly (D:3)
  14 orc priests
  10 iguanas
  12 orc wizards
  8 mummies (Ossuary)
  11 gnolls
  5 adders
  2 shadow imps
  6 white imps
  2 ufetubi
  5 worms
  A dart slug (D:5)
  46 orcs
  6 ball pythons
  5 endoplasms
  5 giant cockroaches
  7 hobgoblins
  2 jackals (D:4)
  30 kobolds
  4 quokkas
  4 bats
  10 frilled lizards
  2 gnoll zombies (Ossuary)
  5 goblins
  A hobgoblin zombie (Ossuary)
  3 kobold zombies (Ossuary)
  2 orc zombies (Ossuary)
  4 rats
491 creatures vanquished.

Vanquished Creatures (others)
  An orc wizard (D:8)
  2 ufetubi (D:8)
  21 fungi
  117 plants
141 creatures vanquished.

Grand Total: 632 creatures vanquished

Notes
Turn   | Place    | Note
-------+----------+-------------------------------------------
     0 | D:1      | vineage the Gargoyle Fighter began the quest for the Orb.
     0 | D:1      | Reached XP level 1. HP: 14/14 MP: 1/1
   122 | D:1      | Reached XP level 2. HP: 19/19 MP: 2/2
   524 | D:2      | Reached skill level 4 in Fighting
   524 | D:2      | Reached XP level 3. HP: 11/24 MP: 3/3
  1370 | D:3      | Reached XP level 4. HP: 18/30 MP: 4/4
  1502 | D:3      | Noticed an ice beast
  1510 | D:3      | Killed an ice beast
  1511 | D:3      | Reached skill level 5 in Fighting
  1511 | D:3      | Reached XP level 5. HP: 5/35 MP: 5/5
  2394 | D:4      | Found a hazy altar of Hepliaklqana.
  2429 | D:4      | Reached XP level 6. HP: 41/41 MP: 6/6
  2494 | D:4      | Noticed a sky beast
  2505 | D:4      | Killed a sky beast
  2506 | D:4      | Reached skill level 6 in Fighting
  2710 | D:4      | Found a glowing golden altar of the Shining One.
  2775 | D:4      | Reached skill level 5 in Armour
  2857 | D:4      | Reached XP level 7. HP: 42/47 MP: 7/7
  3314 | D:5      | Entered Level 5 of the Dungeon
  3317 | D:5      | Noticed a wyvern
  3329 | D:4      | Killed a wyvern
  3330 | D:4      | Reached skill level 7 in Fighting
  3551 | D:5      | Reached XP level 8. HP: 44/53 MP: 8/8
  3552 | D:5      | Found a sand-covered staircase.
  3558 | Ossuary  | Entered an ossuary
  3916 | D:5      | Reached skill level 8 in Fighting
  3916 | D:5      | Reached skill level 5 in Maces & Flails
  4065 | D:5      | Found an ancient bone altar of Kikubaaqudgha.
  4065 | D:5      | Found a snail-covered altar of Cheibriados.
  4548 | D:6      | Found a glowing silver altar of Zin.
  4552 | D:6      | Noticed Eustachio
  4808 | D:6      | Killed Eustachio
  4809 | D:6      | Reached skill level 9 in Fighting
  4839 | D:6      | Reached XP level 9. HP: 42/60 MP: 9/9
  5944 | D:7      | Reached skill level 10 in Fighting
  5968 | D:7      | Found a staircase to the Ecumenical Temple.
  5991 | Temple   | Entered the Ecumenical Temple
  6371 | D:7      | Got the Precepts of Fluctuating Gases
  6692 | D:8      | Reached skill level 11 in Fighting
  6991 | D:8      | Found a radiant altar of Vehumet.
  6999 | D:8      | Reached XP level 10. HP: 70/70 MP: 10/10
  7044 | D:8      | Identified the +10 whip of Debt {spect, Dex+2}
  7255 | D:8      | Found a burning altar of Makhleb.
  7322 | D:8      | Found a sparkling altar of Nemelex Xobeh.
  7411 | D:8      | Found an iron altar of Okawaru.
  7455 | D:8      | Became a worshipper of Warmaster Okawaru
  7704 | D:8      | Reached * piety under Okawaru
  7981 | D:8      | Found a shadowy altar of Dithmenos.
  8027 | D:8      | Found a stormy altar of Qazlal.
  8152 | D:8      | Found a shimmering altar of Xom.
  8197 | D:9      | Reached skill level 12 in Fighting
  8208 | D:9      | Reached ** piety under Okawaru
  8209 | D:9      | Reached skill level 5 in Shields
  8256 | D:9      | Reached XP level 11. HP: 66/76 MP: 11/11
  8340 | D:9      | Found a staircase to the Lair.
  8659 | D:9      | Found Comeus's General Store.
  8666 | D:9      | Bought a potion of heal wounds for 65 gold pieces
  8666 | D:9      | Bought a potion of heal wounds for 65 gold pieces
  8666 | D:9      | Bought a scroll of enchant armour for 97 gold pieces
  8681 | D:9      | Reached *** piety under Okawaru
  8692 | D:9      | Noticed a two-headed ogre
  8699 | D:9      | Killed a two-headed ogre
  8700 | D:9      | Reached skill level 10 in Armour
  8872 | D:9      | Found a shimmering blue altar of Sif Muna.
  9200 | D:9      | Gained mutation: Your muscles are strong. (Str +4, Int/Dex
                  | -1) [potion of mutation]
  9205 | D:10     | Entered Level 10 of the Dungeon
  9285 | D:10     | Reached **** piety under Okawaru
  9351 | D:10     | Found a flagged portal.
  9360 | Bailey   | Entered a bailey
  9658 | Bailey   | Found a burning altar of Makhleb.
  9674 | Bailey   | Got the Thoughts on Bad Luck and Malignant Arts
  9851 | D:10     | Noticed a two-headed ogre
  9857 | D:10     | Killed a two-headed ogre
  9857 | D:10     | Received a gift from Okawaru
  9858 | D:10     | Reached skill level 13 in Fighting
  9858 | D:10     | Reached skill level 1 in Invocations
  9941 | D:10     | Noticed a +0 short sword
  9942 | D:10     | Noticed a +0 dagger
  9942 | D:10     | Noticed a +0 spear
  9943 | D:10     | Noticed a +0 spear
  9943 | D:10     | Noticed a +0 falchion
  9943 | D:10     | Noticed a +0 dagger
  9943 | D:10     | Noticed a +0 short sword
  9945 | D:10     | Noticed a +0 falchion
 10107 | D:10     | Found a blossoming altar of Fedhas.
 10336 | D:10     | Found a hide-covered altar of Uskayaw.
 10458 | Lair:1   | Entered Level 1 of the Lair of Beasts
 10635 | Lair:1   | Reached ***** piety under Okawaru
 10638 | Lair:1   | Reached XP level 12. HP: 83/84 MP: 13/13
 11314 | Lair:2   | Reached skill level 10 in Maces & Flails
 11913 | Lair:2   | Noticed a death yak
 11913 | Lair:2   | Noticed a death yak
 11913 | Lair:2   | Noticed a death yak
 11930 | Lair:2   | Killed a death yak
 11941 | Lair:2   | Killed a death yak
 11941 | Lair:2   | Identified the +3 steam dragon scales of Impressiveness
                  | {rCorr} (Okawaru gifted it to you on level 2 of the Lair of
                  | Beasts)
 11941 | Lair:2   | Received a gift from Okawaru
 11952 | Lair:2   | Killed a death yak
 12166 | Lair:2   | Found a staircase to the Shoals.
 12275 | Lair:2   | Reached skill level 5 in Invocations
 12298 | Lair:2   | Reached skill level 14 in Fighting
 13097 | Lair:3   | Reached XP level 13. HP: 83/90 MP: 17/17
 13285 | Lair:3   | Found a hole to the Spider Nest.
 13409 | Lair:3   | Reached ****** piety under Okawaru
 13423 | Lair:3   | Identified the +2 pair of boots of the Hidden Eyes {rElec
                  | SInv} (Okawaru gifted it to you on level 3 of the Lair of
                  | Beasts)
 13423 | Lair:3   | Received a gift from Okawaru
 13790 | Lair:4   | Found a staircase to the Slime Pits.
 14180 | Lair:4   | Got the Incunable of Translocation and Dark Rituals
 14817 | Lair:5   | Entered Level 5 of the Lair of Beasts
 14839 | Lair:5   | Reached skill level 10 in Shields
 15189 | Lair:5   | Received a gift from Okawaru
 15328 | Lair:5   | Gained mutation: Your large and strong wings let you fly.
                  | [Gargoyle growth]
 15328 | Lair:5   | Reached XP level 14. HP: 88/96 MP: 19/19
 15340 | Lair:5   | Reached skill level 15 in Fighting
 15477 | Lair:5   | HP: 2/98 [six-headed hydra (5)]
 15492 | Lair:5   | HP: 1/98 [cane toad (5)]
 15632 | Lair:5   | Identified the +1 pair of boots of the Forest {-Cast rPois
                  | Int-5 SInv} (Okawaru gifted it to you on level 5 of the
                  | Lair of Beasts)
 15632 | Lair:5   | Received a gift from Okawaru
 15697 | Lair:4   | Mangled by a six-headed hydra

Illustrated notes

Levels and vault maps discovered:
D:1:      evilmike_arrival_plus, layout_rooms
D:2:      layout_loops_cross, minmay_lizard_king
D:3:      layout_basic, grunt_ministairs_5, amethyst_killhole
D:4:      layout_loops_ring, tso_metal_star,
          mainiacjoe_overflow_concentric_impassable
D:5:      layout_basic, gammafunk_temple_overflow_elements, enter_ossuary_2
D:6:      layout_basic, zin_academy, kennysheep_doodads, uniq_eustachio
D:7:      layout_basic, minmay_temple_entry_grid, minmay_misc_feat_diagonals,
          serial_bayou_pond_d
D:8:      layout_loops_ring, lemuel_coloured_pillars_altar,
          nicolae_vehumet_radiance, bloody_makhleb, kennysheep_little_box,
          mainiacjoe_overflow_brackets, mainiacjoe_overflow_cross_hatched,
          mainiacjoe_overflow_paths, serial_ice, serial_ice_j, serial_ice_h,
          serial_ice_d, serial_ice_e, serial_ice_f, serial_ice_c, serial_ice_n,
          serial_ice_m, hangedman_decor_riveting
D:9:      layout_roguey, led_sif_pool, minmay_lair_entry_grove, serial_shops,
          nicolae_shop_temple_entry_statues_fountains, moated_statue
D:10:     layout_roguey, nicolae_uskayaw_en_pointe,
          mainiacjoe_overflow_alcove_4, enter_bailey_8
Temple:   hellmonk_temple_beads
Lair:1:   layout_roguey, serial_forest, infiniplex_forest_clump_tiny,
          infiniplex_forest_clump_curved, infiniplex_forest_straight_4,
          infiniplex_forest_lined_1, infiniplex_forest_end_1,
          infiniplex_forest_end_3, infiniplex_forest_zigzag_1
Lair:2:   wander_river, layout_concentric_octagons, shoals_dummy_entry,
          grunt_megastairs_3, serial_bayou_shore_b
Lair:3:   layout_misc_corridors, nicolae_spider_entry_lesser_pyramids
Lair:4:   layout_layer_cave, slime_entry_1
Lair:5:   minmay_lair_end_frog_pond, layout_layer_cave,
          ebering_ghost_reflecting_pool, pond, infiniplex_staircase_pool,
          serial_bayou_shore_a

Skill      XL: |  1  2  3  4  5  6  7  8  9 10 11 12 13 14 |
---------------+-------------------------------------------+-----
Fighting       | 4 5 6 7 9 11 12 13 14 15 | 15.3
Armour         | 4 5 6 8 9 10 11 12 13 | 13.3
Maces & Flails | 3 4 5 7 8 9 10 11 12 | 12.0
Shields        | 5 7 9 10 11 | 11.0
Invocations    | 2 5 7 8 |  8.4

Action                     |  1- 3 |  4- 6 |  7- 9 | 10-12 | 13-15 || total
---------------------------+-------+-------+-------+-------+-------++-------
  Melee: Flail             |   139 |   106 |   381 |    32 |       ||   658
         Unarmed           |       |       |    13 |       |       ||    13
         Whip              |       |       |       |   480 |   392 ||   872
 Invoke: Heroism           |       |       |       |     1 |     2 ||     3
    Use: Scroll            |    11 |     3 |    11 |     4 |     6 ||    35
         Potion            |       |       |     3 |     2 |     5 ||    10
   Stab: Distracted        |       |       |       |     4 |     7 ||    11
 Armour: Scale mail        |    62 |    21 |       |       |       ||    83
         Plate armour      |       |    65 |   375 |   254 |   290 ||   984
         Skin              |       |       |     4 |       |       ||     4
  Dodge: Dodged            |    75 |    40 |   164 |   131 |   133 ||   543
  Block: Buckler           |    27 |    17 |    89 |    84 |   114 ||   331

Table legend: (Time is in decaauts)
 A = Elapsed time spent in this place.
 B = Non-inter-level travel time spent in this place.
 C = Inter-level travel time spent in this place.
 D = Time resting spent in this place.
 E = Time spent auto-exploring this place.
 F = Levels seen in this place.
 G = Mean time per level.
                   A        B        C        D        E       F      G
               +--------+--------+--------+--------+--------+-----+--------+
         Total |  15554 |  14966 |    588 |   2182 |  10107 |  18 |  864.1 |
       Dungeon |   9693 |   9225 |    468 |   1078 |   6467 |  10 |  969.3 |
        Temple |    112 |    100 |     12 |      0 |     93 |   1 |  112.0 |
          Lair |   5029 |   4922 |    107 |    956 |   3178 |   5 | 1005.8 |
       Ossuary |    350 |    350 |      0 |      0 |    238 |   1 |  350.0 |
        Bailey |    368 |    368 |      0 |    148 |    130 |   1 |  368.0 |
               +--------+--------+--------+--------+--------+-----+--------+

Top non-repeatable levels by time:
  Lair:2: 1757 daAuts
     D:8: 1555 daAuts
  Lair:4: 1317 daAuts
     D:7: 1131 daAuts
     D:3: 1101 daAuts
     D:4: 1088 daAuts
     D:9: 1007 daAuts
     D:6: 900 daAuts
    D:10: 841 daAuts
     D:2: 817 daAuts
  Lair:1: 775 daAuts
     D:5: 734 daAuts
  Lair:3: 622 daAuts
  Lair:5: 556 daAuts
     D:1: 515 daAuts
